 Dungeon Sprint DCSS version 0.31-a0-1-g4198be8af4 (webtiles) character file.

Game seed: 14224039718450583759

130 rocky1 the Digger (level 4, 0/28 HPs)
             Began as a Deep Elf Earth Elementalist on May 1, 2023.
             Was a Priest of Sif Muna.
             Slain by a wolf (7 damage)
             ... in the Dungeon (Sprint VII: "The Pits").
             The game lasted 00:01:28 (600 turns).

rocky1 the Digger (Deep Elf Earth Elementalist)      Turns: 600, Time: 00:01:28

Health: 0/28       AC:  2    Str:  5    XL:     4   Next: 89%
Magic:  9/14       EV: 12    Int: 22    God:    Sif Muna [***...]
Gold:   0          SH:  0    Dex: 15    Spells: 15/16 levels left

rFire   . . .        l - +2 quarterstaff (protect)
rCold   . . .        (shield currently unavailable)
rNeg    . . .        a - +0 robe
rPois   .            (no helmet)
rElec   .            (no cloak)
rCorr   .            (no gloves)
SInv    .            (no boots)
Will    .....        (no amulet)
Stlth   ++           (no ring)
HPRegen 0.24/turn    (no ring)
MPRegen 0.14/turn

%: no teleportation
@: no status effects
A: no striking features
a: Renounce Religion, Channel Magic, Forget Spell


You were in the Dungeon.
You worshipped Sif Muna.
Sif Muna was most pleased with you.
You visited 1 branch

Inventory:

Hand Weapons
 k - a +1 long sword of flaming
 l - a +2 quarterstaff of protection (weapon)
Armour
 a - a +0 robe (worn)
Scrolls
 g - a scroll of blinking
 i - 5 scrolls of amnesia
 j - a scroll of butterflies
Potions
 b - 5 potions of magic
 c - 6 potions of curing
 d - 6 potions of heal wounds
 e - a potion of haste
 f - 3 potions of berserk rage
 h - 2 potions of invisibility


   Skills:
 * Level 3.3 Fighting
 - Level 2.4 Dodging
 - Level 2.4 Stealth
 + Level 6.6 Spellcasting
 - Level 1.1 Transmutations
 + Level 7.8 Earth Magic
 * Level 3.8 Invocations


You had 15 spell levels left.
You knew the following spells:

 Your Spells              Type           Power      Damage    Failure   Level
a - Sandblast             Erth           82%        2d17      1%          1

Your spell library contained the following spells:

 Spells                   Type           Power      Damage    Failure   Level
 Passwall                 Tmut/Erth      21%        N/A       1%          2
 Stone Arrow              Conj/Erth      48%        3d10      5%          3
 Petrify                  Tmut/Erth      26%        N/A       14%         4


Dungeon Overview and Level Annotations

Branches:
Dungeon (1/1)

Altars:
Ashenzari
Cheibriados
Dithmenos
Elyvilon
Fedhas
Gozag
Hepliaklqana
Kikubaaqudgha
Makhleb
Nemelex Xobeh
Okawaru
Qazlal
Ru
Sif Muna
Trog
Uskayaw
Vehumet
Wu Jian
Xom
Yredelemnul
Zin
The Shining One
Jiyva
Lugonu


Message History

The blast of sand hits the hound!!
You kill the hound!
Sif Muna accepts your kill.
A wolf comes into view.
Aiming: Sandblast (safe; 1% risk of failure)
Press: ? - help, Q - select action, (/) - cycle Shift-Dir - straight line, f - Ijyb
Aim: Ijyb, wielding a +0 dagger, wearing a +0 leather armour and carrying a wand of roots (6) (81% to hit)
The blast of sand hits Ijyb!
Ijyb is heavily wounded.
The wolf howls!
Ijyb barely misses you. Ijyb misses you.
Aiming: Sandblast (safe; 1% risk of failure)
Press: ? - help, Q - select action, (/) - cycle Shift-Dir - straight line, f/p - Ijyb
Aim: Ijyb, wielding a +0 dagger, wearing a +0 leather armour and carrying a wand of roots (6) (heavily wounded, 81% to hit)
The blast of sand hits Ijyb.
Ijyb is severely wounded.
The wolf stops to sniff the ground.
The wolf misses you. Ijyb hits you with a +0 dagger.
The wolf barely misses you.
Aiming: Sandblast (safe; 1% risk of failure)
Press: ? - help, Q - select action, (/) - cycle Shift-Dir - straight line, f/p - Ijyb
Aim: Ijyb, wielding a +0 dagger, wearing a +0 leather armour and carrying a wand of roots (6) (severely wounded, 81% to hit)
The blast of sand misses Ijyb.
The wolf bites you.
Ijyb screams, "Die!"
Ijyb zaps a wand.
The roots erupt in riotous growth!
The grasping roots grab you!
The wolf is unaffected.
Ijyb is unaffected.
The grasping roots constrict you. The wolf bites you but does no damage.
Ijyb drinks a potion.
Ijyb is healed!
The grasping roots constrict you.
Aiming: Sandblast (safe; 1% risk of failure)
Press: ? - help, Q - select action, (/) - cycle Shift-Dir - straight line, f/p - Ijyb
Aim: Ijyb, wielding a +0 dagger, wearing a +0 leather armour and carrying a wand of roots (5) (81% to hit)
The blast of sand hits Ijyb!!
You kill Ijyb!
Sif Muna accepts your kill. The wolf bites you. x2
* * * LOW HITPOINT WARNING * * *
The wolf bites you!
You die...

#.#..#...#.#####'#
#.#..#####.##.....
#.#..†..)#.##.....
#.#..†...'.##.....
#.#.†########...<.
#.#..'.).)[##.....
#.#..#.)).[##.....
#'###########.....
#@h.†...# ######
#.)###..# #....
##.### .. .## ..
##


You could see a wolf.

Vanquished Creatures
  A scorpion (D)
  A hound (D)
  Ijyb (D)
  An adder (D)
  2 river rats (D)
  A worm (D)
  An endoplasm (D)
  A goblin (D)
  3 jackals (D)
  A kobold (D)
  A quokka (D)
  A bat (D)
15 creatures vanquished.

Notes
Turn   | Place    | Note
-------+----------+-------------------------------------------
     0 | D        | rocky1 the Deep Elf Earth Elementalist began the quest for
                  | the Orb.
     0 | D        | Reached XP level 1. HP: 10/10 MP: 6/6
    13 | D        | Reached skill level 1 in Fighting
    13 | D        | Reached skill level 4 in Earth Magic
    13 | D        | Reached XP level 2. HP: 16/16 MP: 5/8
    18 | D        | Found a bloodstained altar of Trog.
    18 | D        | Found a shimmering blue altar of Sif Muna.
    18 | D        | Found a viscous altar of Jiyva.
    18 | D        | Found a hazy altar of Hepliaklqana.
    18 | D        | Found an opulent altar of Gozag.
    19 | D        | Found a glowing golden altar of the Shining One.
    19 | D        | Found a glowing silver altar of Zin.
    19 | D        | Found a basalt altar of Yredelemnul.
    19 | D        | Found a shimmering altar of Xom.
    19 | D        | Found an ornate altar of the Wu Jian Council.
    19 | D        | Found a sacrificial altar of Ru.
    19 | D        | Found a stormy altar of Qazlal.
    19 | D        | Found an iron altar of Okawaru.
    19 | D        | Found a sparkling altar of Nemelex Xobeh.
    19 | D        | Found a burning altar of Makhleb.
    19 | D        | Found a blossoming altar of Fedhas.
    19 | D        | Found a white marble altar of Elyvilon.
    19 | D        | Found a shadowy altar of Dithmenos.
    19 | D        | Found a snail-covered altar of Cheibriados.
    21 | D        | Found a radiant altar of Vehumet.
    21 | D        | Found a corrupted altar of Lugonu.
    22 | D        | Found a hide-covered altar of Uskayaw.
    22 | D        | Found an ancient bone altar of Kikubaaqudgha.
    22 | D        | Found a broken altar of Ashenzari.
    24 | D        | Became a worshipper of Sif Muna the Loreminder
    62 | D        | Reached skill level 5 in Earth Magic
    62 | D        | Reached skill level 1 in Invocations
   212 | D        | Noticed a scorpion
   213 | D        | Reached * piety under Sif Muna
   219 | D        | Killed a scorpion
   220 | D        | Reached skill level 5 in Spellcasting
   220 | D        | Reached skill level 6 in Earth Magic
   220 | D        | Reached XP level 3. HP: 7/22 MP: 3/12
   220 | D        | Reached XP level 4. HP: 9/27 MP: 3/13
   434 | D        | Reached skill level 7 in Earth Magic
   434 | D        | Reached ** piety under Sif Muna
   574 | D        | Reached *** piety under Sif Muna
   595 | D        | Noticed Ijyb
   596 | D        | Noticed a wolf
   600 | D        | Killed Ijyb
   600 | D        | Slain by a wolf

Illustrated notes

Levels and vault maps discovered:
D:        pitsprint [storerooms_1, entrance_room_1, metal_vault_4, armoury_1,
          mini_pit_1, grid_room_1, main_hall_1, silver_pit, the_coven_1,
          the_vestibule_1, steel_vault_5, golden_pit, hallway_of_sentries,
          crystal_vault_5, iron_vault_4, final_vault]

Skill      XL: |  1  2  3  4 |
---------------+-------------+-----
Fighting       | 1 2 3 |  3.3
Earth Magic    | 4 6 7 |  7.8
Spellcasting   | 5 6 |  6.6
Invocations    | 3 |  3.8
Dodging        | |  2.4
Stealth        | |  2.4
Transmutations | |  1.1

Action                     |  1- 3 |  4- 6 || total
---------------------------+-------+-------++-------
   Cast: Sandblast         |    12 |    18 ||    30
 Armour: Robe              |       |     1 ||     1
  Dodge: Dodged            |     7 |     7 ||    14

Table legend: (Time is in decaauts)
 A = Elapsed time spent in this place.
 B = Non-inter-level travel time spent in this place.
 C = Inter-level travel time spent in this place.
 D = Time resting spent in this place.
 E = Time spent auto-exploring this place.
 F = Levels seen in this place.
 G = Mean time per level.
                   A        B        C        D        E       F      G
               +--------+--------+--------+--------+--------+-----+--------+
         Total |    614 |    593 |     21 |    446 |      0 |   1 |  614.0 |
       Dungeon |    614 |    593 |     21 |    446 |      0 |   1 |  614.0 |
               +--------+--------+--------+--------+--------+-----+--------+

Top non-repeatable levels by time:
       D: 614 daAuts
